Map: [ESL] Oceanborn

Players

Cyan - Winner!

  • Race: Protoss Protoss
  • Spawn Location: 11:00

Jieshi

  • Race: Protoss Protoss
  • Spawn Location: 5:00

Event: ESL SC2 Masters 2023 Winter (Regional)

VOD

Have the link to the VOD?

Description

Time

  • Played on: Nov. 12, 2023, 6:59 a.m.
  • Length: 12:14

All games in this series

Show
View Real Time Build Order
Export as new Build Order

Cyan Protoss - Winner!

Build Orders: Oracle Opening 

Get SALT Encoding   

  12  0:00  Probe  
  13  0:12  Probe  
  14  0:18  Pylon  
  14  0:24  Probe (Chrono Boost)  
  15  0:37  Probe (Chrono Boost)  
  15  0:39  Gateway  
  16  0:45  Assimilator, Probe (Chrono Boost)  
  17  0:51  Probe  
  17  0:54  Assimilator  
  18  1:03  Probe (Chrono Boost)  
  19  1:07  Gateway  
  19  1:13  Probe (Chrono Boost)  
  19  1:18  Probe (Chrono Boost)  
  21  1:26  Cybernetics Core  
  21  1:30  Probe  
  22  1:34  Pylon  
  22  1:42  Probe  
  23  1:54  Probe  
  24  2:03  Warp Gate, Stalker x2  
  28  2:12  Pylon  
  28  2:29  Stargate  
  28  2:33  Adept x2  
  31  2:42  Probe  
  32  3:05  Nexus  
  32  3:11  Oracle (Chrono Boost)  
  35  3:21  Pylon  
  35  3:29  Adept  
  37  3:37  Shield Battery  
  37  3:38  Oracle (Chrono Boost)  
  37  3:48  Shield Battery  
  40  3:51  Pylon  
  40  3:54  Shield Battery  
  40  3:59  Probe  
  45  4:13  Void Ray (Chrono Boost)  
  44  4:26  Gateway  
  44  4:30  Probe  
  45  4:39  Sentry  
  45  4:40  Adept  
  45  4:42  Probe  
  45  4:45  Probe  
  51  4:59  Probe  
  56  5:00  Void Ray, Probe  
  57  5:09  Gateway  
  57  5:11  Probe  
  57  5:12  Probe  
  59  5:23  Probe  
  59  5:25  Adept  
  62  5:31  Pylon  
  62  5:36  Robotics Facility  
  62  5:44  Gateway  
  62  5:49  Probe x2  
  64  5:55  Adept  
  64  5:56  Adept  
  68  6:07  Twilight Council, Probe x2  
  68  6:10  Shield Battery  
  70  6:22  Pylon  
  70  6:34  Pylon  
  70  6:39  Observer  
  76  6:41  Probe (Chrono Boost)  
  76  6:44  Blink (Chrono Boost)  
  76  6:45  Void Ray  
  76  6:46  Observer  
  76  6:48  Gateway, Probe (Chrono Boost)  
  76  6:53  Warp Prism (Chrono Boost)  
  77  6:55  Gateway  
  77  6:56  Pylon  
  77  6:58  Probe (Chrono Boost)  
  78  7:03  Probe (Chrono Boost)  
  78  7:04  Probe  
  83  7:16  Probe  
  81  7:31  Immortal (Chrono Boost)  
  81  7:34  Nexus  
  81  7:35  Pylon  
  85  7:43  Pylon  
  85  7:52  Pylon  
  82  8:07  Immortal (Chrono Boost)  
  85  8:14  Pylon x2  
  85  8:41  Immortal (Chrono Boost)  
  89  8:59  Stalker x3  
  95  9:06  Pylon  
  95  9:33  Nexus  
  91  9:43  Pylon  
  91  10:02  Sentry x2  
  95  10:08  Sentry  
  97  10:35  Nexus  
  95  10:54  Immortal  
  99  10:58  Pylon  
  99  11:17  Sentry, Shield Battery, Stalker x2  
  105  11:23  Stalker  
  67  11:40  Stalker x3  
  62  11:49  Stalker  
  56  12:00  Probe  
  53  12:03  Stalker x2  
  53  12:05  Stalker  
Show
View Real Time Build Order
Export as new Build Order

Jieshi Protoss 

Build Orders:  

Get SALT Encoding   

  12  0:00  Probe  
  13  0:12  Probe  
  14  0:16  Pylon  
  14  0:24  Probe (Chrono Boost)  
  16  0:37  Gateway, Probe (Chrono Boost)  
  16  0:43  Probe (Chrono Boost)  
  16  0:46  Assimilator  
  17  0:51  Probe  
  17  0:55  Assimilator  
  18  1:03  Probe (Chrono Boost)  
  19  1:08  Gateway  
  19  1:12  Probe (Chrono Boost)  
  19  1:17  Probe (Chrono Boost)  
  20  1:24  Cybernetics Core  
  21  1:29  Probe  
  22  1:35  Pylon  
  22  1:41  Probe  
  23  1:53  Probe  
  24  2:00  Warp Gate  
  24  2:01  Adept x2  
  28  2:10  Robotics Facility  
  28  2:14  Pylon  
  28  2:20  Shield Battery  
  28  2:30  Adept  
  28  2:32  Adept  
  32  2:47  Gateway  
  32  2:54  Immortal (Chrono Boost)  
  36  3:02  Pylon  
  36  3:04  Sentry  
  36  3:22  Shield Battery  
  36  3:26  Warp Prism (Chrono Boost)  
  38  3:48  Stalker  
  38  3:49  Stalker  
  38  3:52  Stalker  
  44  3:59  Observer  
  45  4:04  Pylon  
  45  4:28  Stalker  
  45  4:29  Stalker x2  
  49  4:35  Probe  
  50  4:47  Probe (Chrono Boost)  
  47  4:58  Probe (Chrono Boost)  
  48  5:03  Sentry, Stalker x2  
  48  5:04  Probe (Chrono Boost)  
  55  5:07  Pylon  
  55  5:25  Probe  
  55  5:26  Stalker  
  55  5:27  Stalker  
  60  5:28  Pylon  
  60  5:35  Stalker  
  62  5:59  Probe  
  62  6:00  Twilight Council  
  60  6:05  Stalker x2  
  64  6:11  Probe  
  64  6:15  Observer  
  65  6:22  Stalker  
  65  6:23  Probe  
  68  6:34  Blink (Chrono Boost)  
  68  6:36  Probe  
  69  6:44  Adept  
  70  6:47  Observer  
  70  6:58  Pylon  
  70  7:18  Adept x3  
  75  7:23  Observer (Chrono Boost)  
  76  7:35  Nexus  
  76  7:40  Probe  
  77  7:49  Pylon  
  77  7:52  Probe  
  78  8:05  Probe  
  79  8:12  Sentry, Stalker x2  
  85  8:16  Gateway  
  85  8:33  Probe  
  86  8:42  Shield Battery  
  86  8:47  Stalker  
  88  8:48  Sentry  
  87  8:56  Stalker  
  87  9:00  Observer (Chrono Boost)  
  89  9:16  Probe (Chrono Boost)  
  90  9:23  Probe (Chrono Boost)  
  91  9:26  Probe (Chrono Boost)  
  91  9:30  Probe x2 (Chrono Boost)  
  93  9:41  Probe  
  93  9:42  Probe  
  95  9:53  Probe  
  95  9:57  Probe  
  95  10:00  Warp Prism (Chrono Boost)  
  98  10:11  Pylon  
  98  10:13  Stalker  
  100  10:17  Forge  
  99  10:25  Stalker  
  101  10:31  Observer  
  101  10:35  Stalker  
  101  10:36  Stalker  
  103  10:47  Stalker  
  105  10:51  Gateway  
  105  10:54  Pylon, Stalker  
  107  11:00  Stalker  
  109  11:15  Pylon  
  109  11:17  Stalker x2  
  113  11:24  Stalker  
  91  11:32  Stalker  
  67  11:41  Stalker x2  
  67  11:47  Stalker  
  67  11:51  Stalker  
  46  12:02  Stalker  
Tags
 
Add a new tag
Caveats
  • Supply blocks, unpowered buildings, or Contaminate may cause inaccurate times.
  • Supply counts are checked every 10 seconds.